 Dungeon Crawl Stone Soup version 0.21.0-3-g78d12a8 (webtiles) character file.

64 Ignatius881 the Fighter (level 4, 0/51 HPs)
             Began as a Gnoll Wanderer on Jan 9, 2018.
             Succumbed to a water moccasin's poison
             ... on level 2 of the Dungeon.
             The game lasted 00:03:25 (1102 turns).

Ignatius881 the Fighter (Gnoll Wanderer)            Turns: 1102, Time: 00:03:26

Health: 0/51       AC:  5    Str: 16    XL:     4   Next: 12%
Magic:  6/6        EV: 10    Int: 14    God:
Gold:   54         SH:  0    Dex: 14    Spells: 5/5 levels left

rFire    . . .     SeeInvis .   a - +2 shortbow
rCold    . . .     Gourm    .   (shield currently unavailable)
rNeg     . . .     Faith    .   c - +0 ring mail
rPois    .         Spirit   .   (no helmet)
rElec    .         Reflect  .   (no cloak)
rCorr    .         Harm     .   (no gloves)
MR       .....                  (no boots)
Stlth    +.........             (no amulet)
HPRegen  0.17/turn              (no ring)
MPRegen  0.10/turn              (no ring)

@: lethally poisoned (0 -> -30)
A: distributed training, fangs 1, strong nose
a: no special abilities


You were on level 2 of the Dungeon.
You were not hungry.

You visited 1 branch of the dungeon, and saw 2 of its levels.

You collected 54 gold pieces.

Inventory:

Hand Weapons
 a - a +2 shortbow (weapon)
Missiles
 b - 33 arrows (quivered)
Armour
 c - a +0 ring mail (worn)
 i - a +1 pair of gloves
   (You found it on level 2 of the Dungeon)
 m - a +0 helmet
   (You found it on level 2 of the Dungeon)
Scrolls
 g - 2 scrolls of remove curse {unknown}
 k - 2 scrolls of identify {unknown}
 l - a scroll of blinking {unknown}
Potions
 d - 2 potions of lignification {!q}
 h - a potion of brilliance {unknown}
 j - a potion of haste {unknown}
 n - a potion of might {unknown}
Comestibles
 e - 4 rations
 f - 6 chunks of flesh


   Skills:
 + Level 12.0 Fighting
 + Level 1.0 Short Blades
 + Level 1.0 Long Blades
 + Level 1.0 Axes
 + Level 1.0 Maces & Flails
 + Level 1.0 Polearms
 + Level 1.0 Staves
 + Level 1.0 Slings
 + Level 4.6 Bows
 + Level 1.0 Crossbows
 + Level 1.0 Throwing
 + Level 1.0 Armour
 + Level 1.0 Dodging
 + Level 1.0 Stealth
 + Level 2.7 Shields
 + Level 1.0 Unarmed Combat
 + Level 1.0 Spellcasting
 + Level 0.7 Conjurations
 + Level 0.7 Hexes
 + Level 0.7 Charms
 + Level 0.7 Summonings
 + Level 0.7 Necromancy
 + Level 0.7 Translocations
 + Level 0.7 Transmutations
 + Level 0.7 Fire Magic
 + Level 0.7 Ice Magic
 + Level 0.7 Air Magic
 + Level 0.7 Earth Magic
 + Level 0.7 Poison Magic
 + Level 1.1 Invocations
 + Level 2.7 Evocations


You had 5 spell levels left.
You didn't know any spells.

Dungeon Overview and Level Annotations

Branches:
Dungeon (2/15)

Altars:
Cheibriados
Elyvilon
Hepliaklqana
Xom


Innate Abilities, Weirdness & Mutations

Your experience applies equally to all skills.
You have very sharp teeth.
Your uncanny sense of smell can sniff out nearby items.


Message History

The arrow closely misses the water moccasin.
You feel sick.
The water moccasin bites you. x2 2 frilled lizards and a goblin come into view.
Aim: a water moccasin (lightly wounded)
You shoot an arrow.
The arrow completely misses the water moccasin.
The frilled lizard hisses angrily.
The arrow hits the rat.
You feel sick. The water moccasin bites you!
You feel sick. The water moccasin bites you.
You are more poisoned.
The water moccasin poisons you! The frilled lizard barely misses you.
You feel sick.
You feel sick. The water moccasin bites you.
* * * LOW HITPOINT WARNING * * *
You are lethally poisoned!
The water moccasin poisons you!
* * * LOW HITPOINT WARNING * * *
You feel sick.
* * * LOW HITPOINT WARNING * * *
You feel very sick.
Aim: a water moccasin You shoot an arrow.
The arrow hits the water moccasin!
* * * LOW HITPOINT WARNING * * *
You feel sick.
The water moccasin bites you but does no damage.
The water moccasin barely misses you.
Aim: a water moccasin (moderately wounded)
You shoot an arrow.
The arrow barely misses the water moccasin.
The arrow closely misses the goblin.
The arrow barely misses the rat.
The arrow hits the goblin!
You kill the goblin!
* * * LOW HITPOINT WARNING * * *
You feel sick. The water moccasin bites you.
* * * LOW HITPOINT WARNING * * *
You are more poisoned.
The water moccasin poisons you!
Aim: a water moccasin (moderately wounded)
You shoot an arrow. The arrow misses the water moccasin.
The arrow hits the goblin!
You kill the goblin!
* * * LOW HITPOINT WARNING * * *
You feel very sick. The water moccasin bites you.
* * * LOW HITPOINT WARNING * * *
The water moccasin bites you.
* * * LOW HITPOINT WARNING * * *
Aim: a water moccasin (moderately wounded)
You shoot an arrow. The arrow hits the water moccasin.
You die...

....(.>...<(... .............
#.(..(..### #######
##........
##.....###.(....>.. #
##.......##.l.#..... ###.
#..........rrl# .... ...
#..........#S## ... ####.
#.........##@# .. ).(..
#..(......##.##.. ∆. ....
#................ .. ##.
#.........##.######## ..##..
#.........##......(.. .......
#.....).......#######....#...
#...........#.# #........
#..........##.# #........
##.......(.##.# ###........


You could see a water moccasin, 2 frilled lizards and 2 rats.

Vanquished Creatures
  A gnoll (D:1)
  An adder (D:2)
  A worm (D:2)
  2 dart slugs
  A giant cockroach (D:1)
  5 goblins
  5 hobgoblins
  2 jackals (D:2)
  6 bats
  5 frilled lizards
  5 kobolds
  5 rats
39 creatures vanquished.

Notes
Turn   | Place    | Note
-------+----------+-------------------------------------------
     0 | D:1      | Reached skill level 12 in Fighting
     0 | D:1      | Ignatius881 the Gnoll Wanderer began the quest for the Orb.
     0 | D:1      | Ignatius881 set off with: a +2 shortbow, 27 arrows, a +0 ring mail, a potion of lignification {!q}, a ration
     0 | D:1      | Reached XP level 1. HP: 31/31 MP: 2/2
   231 | D:1      | Reached XP level 2. HP: 38/38 MP: 3/3
   429 | D:1      | Reached XP level 3. HP: 44/44 MP: 4/4
   576 | D:1      | Found a shimmering altar of Xom.
   578 | D:1      | Found a glowing silver altar of Zin.
   578 | D:1      | Found a snail-covered altar of Cheibriados.
   580 | D:1      | Found a hazy altar of Hepliaklqana.
   580 | D:1      | Found a shimmering altar of Xom.
   580 | D:1      | Found a white marble altar of Elyvilon.
   877 | D:2      | Reached skill level 1 in Invocations
   988 | D:2      | Found a white marble altar of Elyvilon.
   988 | D:2      | Found a hazy altar of Hepliaklqana.
  1035 | D:2      | Reached skill level 1 in Short Blades
  1035 | D:2      | Reached skill level 1 in Long Blades
  1035 | D:2      | Reached skill level 1 in Axes
  1035 | D:2      | Reached skill level 1 in Maces & Flails
  1035 | D:2      | Reached skill level 1 in Polearms
  1035 | D:2      | Reached skill level 1 in Staves
  1035 | D:2      | Reached skill level 1 in Slings
  1035 | D:2      | Reached skill level 1 in Crossbows
  1035 | D:2      | Reached skill level 1 in Throwing
  1035 | D:2      | Reached skill level 1 in Armour
  1035 | D:2      | Reached skill level 1 in Dodging
  1035 | D:2      | Reached skill level 1 in Stealth
  1035 | D:2      | Reached skill level 1 in Unarmed Combat
  1035 | D:2      | Reached skill level 1 in Spellcasting
  1035 | D:2      | Reached XP level 4. HP: 51/51 MP: 4/6
  1090 | D:2      | Noticed a water moccasin
  1102 | D:2      | Succumbed to a water moccasin's poison

Skill      XL: |  1  2  3 |
---------------+----------+-----
Fighting       | | 12.0
Invocations    | 1 |  1.1
Short Blades   | 1 |  1.0
Long Blades    | 1 |  1.0
Axes           | 1 |  1.0
Maces & Flails | 1 |  1.0
Polearms       | 1 |  1.0
Staves         | 1 |  1.0
Slings         | 1 |  1.0
Crossbows      | 1 |  1.0
Throwing       | 1 |  1.0
Armour         | 1 |  1.0
Dodging        | 1 |  1.0
Stealth        | 1 |  1.0
Unarmed Combat | 1 |  1.0
Spellcasting   | 1 |  1.0
Bows           | |  4.6
Shields        | |  2.7
Conjurations   | |  0.7
Hexes          | |  0.7
Charms         | |  0.7
Summonings     | |  0.7
Necromancy     | |  0.7
Translocations | |  0.7
Transmutations | |  0.7
Fire Magic     | |  0.7
Ice Magic      | |  0.7
Air Magic      | |  0.7
Earth Magic    | |  0.7
Poison Magic   | |  0.7
Evocations     | |  2.7

Action                   |  1- 3 |  4- 6 || total
-------------------------+-------+-------++-------
 Fire: Shortbow          |    72 |    18 ||    90
Armor: Ring mail         |    16 |     3 ||    19
Dodge: Dodged            |    24 |     3 ||    27
